 Dungeon Crawl Stone Soup version 0.26-b1-59-ge38874ec40 (webtiles) character file.

Game seed: 17183975432774414473

7213 roke1 the Jinx (level 10, -2/51 HPs)
             Began as a Spriggan Enchanter on Jan 8, 2021.
             Was an Initiate of Gozag.
             Slain by a death yak (25 damage)
             ... on level 9 of the Dungeon.
             The game lasted 00:46:29 (13267 turns).

roke1 the Jinx (Spriggan Enchanter)                Turns: 13267, Time: 00:46:30

Health: -2/51      AC:  3    Str:  7    XL:     10   Next: 87%
Magic:  15/17      EV: 26    Int: 23    God:    Gozag
Gold:   1720       SH:  0    Dex: 17    Spells: 6/17 levels left

rFire    + + .     SeeInvis +   t - +4 dagger (venom)
rCold    + + .     Faith    .   (shield restricted)
rNeg     . . .     Spirit   .   r - +1 robe {rC+}
rPois    .         Reflect  .   (helmet restricted)
rElec    .         Harm     .   c - scarf {rC+ rF+}
rCorr    .         Rampage  .   (gloves unavailable)
Will     +....                  (boots unavailable)
Stlth    +++++.....             (no amulet)
HPRegen  0.17/turn              y - ring of protection from fire
MPRegen  0.15/turn              m - +6 ring of intelligence

@: confusing touch, very quick
A: very small, unfitting armour, see invisible, speed 3
a: Renounce Religion, Potion Petition, Call Merchant, Bribe Branch


You were on level 9 of the Dungeon.
You worshipped Gozag.
Gozag was most pleased with you.
You visited 1 branch of the dungeon, and saw 9 of its levels.

You collected 1775 gold pieces.
You paid 55 gold pieces to Gozag.

Inventory:

Hand Weapons
 p - a +0 rapier
 t - a +4 dagger of venom (weapon)
Armour
 c - a scarf of resistance (worn)
 r - a +1 robe of cold resistance (worn)
Jewellery
 h - a +6 ring of strength
 m - a +6 ring of intelligence (right hand)
 n - an uncursed ring of resist corrosion
 y - a ring of protection from fire (left hand)
Wands
 B - a wand of digging (5)
Scrolls
 a - 5 scrolls of teleportation
 e - a scroll of magic mapping
 i - 4 scrolls of enchant armour
 k - 5 scrolls of remove curse
 o - 2 scrolls of fear
Potions
 d - 5 potions of curing
 f - 6 potions of heal wounds
 g - 3 potions of attraction
 j - a potion of mutation {unknown}
 l - 3 potions of haste
 q - 2 potions of lignification {unknown}
 s - 2 potions of invisibility
 v - a potion of brilliance {unknown}
 x - a potion of berserk rage {unknown}
 z - a potion of resistance {unknown}
 D - a potion of ambrosia {unknown}


   Skills:
 + Level 5.1 Fighting
 + Level 6.0 Short Blades
 + Level 10.4 Dodging
 + Level 11.7 Stealth
 - Level 4.4 Spellcasting
 * Level 12.3 Hexes


You had 6 spell levels left.
You knew the following spells:

 Your Spells              Type           Power        Failure   Level
b - Ensorcelled Hibernat  Hex/Ice        66%          1%          2
c - Confusing Touch       Hex            58%          1%          3
d - Tukima's Dance        Hex            58%          1%          3
e - Dazzling Flash        Conj/Hex       66%          2%          3

Your spell library contained the following spells:

 Spells                   Type           Power        Failure   Level
 Corona                   Hex            64%          1%          1
 Slow                     Hex            58%          1%          2
 Fulminant Prism          Conj/Hex       16%          8%          4
 Magic Dart               Conj           20%          10%         1
 Blink                    Tloc           N/A          16%         2
 Call Imp                 Summ           5%           16%         2
 Searing Ray              Conj           10%          16%         2
 Conjure Flame            Conj/Fire      5%           30%         3
 Mephitic Cloud           Conj/Pois/Air  5%           30%         3
 Iskenderun's Mystic Bla  Conj/Tloc      5%           69%         4


Dungeon Overview and Level Annotations

Branches:
Dungeon (9/15)             Temple (0/1) D:7            Lair (0/6) D:9
    Orc: D:9-12

Altars:
Ashenzari
Cheibriados
Dithmenos
Fedhas
Gozag
Hepliaklqana
Kikubaaqudgha
Qazlal
Ru
Sif Muna
Trog
Uskayaw
Xom
Zin

Shops:
D:4 ([!*(


Innate Abilities, Weirdness & Mutations

You are very small and have problems with some larger weapons.
You are too small for most types of armour.
You have supernaturally acute eyesight. (SInv)
You cover ground extremely quickly.


Message History

HP restored.
You climb downwards.
The death yak closely misses you. The death yak barely misses you.
There is a stone staircase leading up here.
You see here a +2 dagger of venom.
Casting: Dazzling Flash (dangerous; 2% risk of failure)
Confirm with . or Enter, or press ? or * to list all spells.
Your hands begin to glow red.
You hit the death yak but do no damage. The death yak closely misses you.
You hit the death yak but do no damage. You hit the death yak but do no damage.
The death yak closely misses you.
You hit the death yak but do no damage. The death yak gores you!!
You hit the death yak but do no damage. The death yak misses you.
You hit the death yak but do no damage. You hit the death yak but do no damage.
The death yak gores you.
You hit the death yak but do no damage. The death yak closely misses you.
You hit the death yak but do no damage. You hit the death yak but do no damage.
The death yak gores you!!
You die...
Your body crumbles into a pile of gold.

########## ###### #........#
#....########
#........###.##........#
#............##..#####.###
####........######...........
#...........+...#.......#...#
#####.##........###.#..#..#.#...#
.........#......@Y#.#..####.#...#
##.#####.#.####.#>..#.....#.#...#
.#.#...#.#..#...#.###.###.#.#...#
.....#.#.##.#...........#.#.#.###
##.##..#.................>#.#.#
#)#.#.##..#.##..#.....###.#...#
.#(#......#......#.#.## #.#####
#.#.#.##..#......#...# #.#
##.##..#..#..)..)########.#


You could see a death yak.

Vanquished Creatures
  A death yak (D:8)
  Pikel (D:8)
  A deep elf mage (D:9)
  A kobold demonologist (D:9)
  An efreet (D:9)
  A troll (D:9)
  A hornet (D:8)
  A shadow (D:9)
  The ghost of radhat240 the Caller, an amateur DESu of Vehumet (D:6)
  Duvessa (D:6)
  3 orc warriors (D:9)
  5 sky beasts
  2 black bears
  An eye of draining (D:9)
  5 ogres
  A phantom (D:8)
  5 centaurs
  3 bullfrogs
  Dowan (D:6)
  A wyvern skeleton (D:6)
  2 scorpions
  3 killer bees (D:7)
  3 wights (D:8)
  2 jellies
  4 howler monkeys
  A bullfrog zombie (D:9)
  4 crimson imps (D:5)
  3 quasits
  A bullfrog skeleton (D:9)
  3 hounds
  3 orc priests
  2 iguanas
  7 orc wizards
  6 worker ants
  A mummy (D:8)
  A worker ant zombie (D:9)
  4 gnolls
  A howler monkey skeleton (D:8)
  8 adders
  3 white imps
  2 ufetubi (D:6)
  An ooze (D:5)
  2 worms
  The ghost of Snicker the Sneak, a weakling DsDe (D:5)
  A dart slug (D:2)
  3 leopard geckos
  34 orcs
  2 ball pythons
  A bat zombie (D:2)
  5 giant cockroaches
  14 goblins
  9 hobgoblins
  9 jackals
  4 quokkas
  11 bats
  7 frilled lizards
  A giant cockroach zombie (D:2)
  19 kobolds
  A quokka skeleton (D:5)
  11 rats
237 creatures vanquished.

Vanquished Creatures (collateral kills)
  An orc sorcerer (D:9)
  3 orc warriors
  A lemure (D:8)
  A big kobold (D:7)
  An orc wizard (D:7)
  An adder (D:9)
  2 gnolls
  3 orcs
  2 kobolds (D:7)
15 creatures vanquished.

Vanquished Creatures (others)
  2 dancing weapons
  3 plants
  3 withered plants (D:2)
8 creatures vanquished.

Grand Total: 260 creatures vanquished

Notes
Turn   | Place    | Note
-------+----------+-------------------------------------------
     0 | D:1      | roke1 the Spriggan Enchanter began the quest for the Orb.
     0 | D:1      | Reached XP level 1. HP: 9/9 MP: 5/5
   408 | D:1      | Reached XP level 2. HP: 14/14 MP: 6/6
   411 | D:1      | Learned a level 2 spell: Ensorcelled Hibernation
   419 | D:1      | Reached skill level 4 in Hexes
  1431 | D:2      | Reached XP level 3. HP: 17/17 MP: 0/8
  1442 | D:2      | Learned a level 3 spell: Confusing Touch
  1635 | D:2      | Reached skill level 5 in Stealth
  2325 | D:2      | Reached XP level 4. HP: 17/21 MP: 1/9
  2428 | D:2      | Found a faded altar of an unknown god.
  2519 | D:2      | Found a hazy altar of Hepliaklqana.
  2561 | D:2      | Learned a level 3 spell: Tukima's Dance
  2599 | D:2      | Found a stormy altar of Qazlal.
  3059 | D:3      | Found an opulent altar of Gozag.
  3060 | D:3      | Found a glowing silver altar of Zin.
  3090 | D:3      | Became a worshipper of Gozag Ym Sagoz the Greedy
  3133 | D:3      | Reached skill level 5 in Hexes
  4294 | D:4      | Reached XP level 5. HP: 22/25 MP: 7/11
  4467 | D:4      | Found Nirikhu's Weapon Emporium.
  4468 | D:4      | Noticed an ogre
  4478 | D:4      | Killed an ogre
  4479 | D:4      | Reached XP level 6. HP: 29/29 MP: 7/12
  4531 | D:4      | Found a sacrificial altar of Ru.
  4684 | D:4      | Found Gekkar's Antique Armour Shoppe.
  4762 | D:4      | Reached skill level 6 in Hexes
  4813 | D:4      | Reached skill level 5 in Dodging
  4916 | D:4      | Found Dijo's Assorted Antiques.
  5000 | D:4      | Found Bakuus's Antique Weapon Shoppe.
  5018 | D:4      | Found Doemedgh's Distillery.
  5023 | D:4      | Found a shimmering blue altar of Sif Muna.
  5024 | D:4      | Found an ancient bone altar of Kikubaaqudgha.
  5043 | D:4      | Found a shadowy altar of Dithmenos.
  5043 | D:4      | Found a hide-covered altar of Uskayaw.
  5044 | D:4      | Found a blossoming altar of Fedhas.
  5164 | D:4      | Found a broken altar of Ashenzari.
  5539 | D:5      | Entered Level 5 of the Dungeon
  5617 | D:5      | Reached XP level 7. HP: 32/32 MP: 14/14
  5809 | D:5      | Reached skill level 7 in Hexes
  5824 | D:5      | Reached skill level 1 in Fighting
  6156 | D:5      | Found a transporter.
  6727 | D:5      | Found a shimmering altar of Xom.
  6921 | D:5      | Reached skill level 8 in Hexes
  6921 | D:5      | Reached XP level 8. HP: 39/39 MP: 15/15
  6952 | D:5      | Found a transporter.
  6952 | D:5      | Noticed Snicker's ghost (weakling DsDe)
  6962 | D:5      | Killed Snicker's ghost
  7508 | D:6      | Found a runed translucent door.
  7512 | D:6      | Noticed radhat240's ghost (amateur DESu)
  7639 | D:6      | Killed radhat240's ghost
  8053 | D:6      | Noticed Dowan
  8054 | D:6      | Noticed Duvessa
  8056 | D:6      | Killed Duvessa
  8057 | D:6      | Reached skill level 9 in Hexes
  8059 | D:6      | Killed Dowan
  8188 | D:6      | Found a bloodstained altar of Trog.
  8890 | D:7      | Reached XP level 9. HP: 35/44 MP: 7/16
  9223 | D:7      | Found a staircase to the Ecumenical Temple.
  9762 | D:8      | Reached skill level 10 in Hexes
  9897 | D:8      | Reached skill level 10 in Stealth
  9922 | D:8      | Found the +1 cloak of Starlight {*Dazzle EV+4 Stlth--}
 10510 | D:8      | Noticed Pikel
 10541 | D:8      | Killed Pikel
 10772 | D:8      | Found a snail-covered altar of Cheibriados.
 11199 | D:9      | Reached skill level 11 in Hexes
 11211 | D:9      | Noticed an orc sorcerer
 11389 | D:9      | Reached XP level 10. HP: 49/49 MP: 12/17
 11456 | D:9      | Killed an orc sorcerer
 11465 | D:9      | Learned a level 3 spell: Dazzling Flash
 11508 | D:9      | Noticed a deep elf mage
 11656 | D:9      | Reached skill level 5 in Short Blades
 11747 | D:9      | Noticed a death yak
 11749 | D:9      | Found a staircase to the Lair.
 11749 | D:9      | Noticed a death yak
 11754 | D:9      | Noticed a death yak
 11767 | D:8      | Killed a death yak
 11868 | D:9      | Reached skill level 10 in Dodging
 11920 | D:9      | Killed a deep elf mage
 11921 | D:9      | Reached skill level 12 in Hexes
 12128 | D:9      | Reached skill level 5 in Fighting
 13267 | D:9      | Slain by a death yak

Illustrated notes

Levels and vault maps discovered:
D:1:      dpeg_arrival_arbitrary_b, layout_basic
D:2:      layout_basic, lemuel_coloured_pillars_altar, lemuel_doored_altar,
          chequers_ecumenical_altar_grove, serial_undead, serial_undead_e,
          serial_undead_c, serial_undead_a, serial_undead_f, minmay_pentomino_z2
D:3:      layout_basic, grunt_temple_overflow_gold_and_silver,
          mrwooster_statue_mirror, grunt_decor_fettered
D:4:      layout_gridville, nicolae_ru_the_path_less_chosen,
          general_overflow_altar, grunt_temple_overflow_open, serial_shops,
          shop_fountains, nicolae_shop_statue_plus,
          nicolae_shop_overgrown_old_shop, kennysheep_mini_moat,
          nicolae_shop_window_shopping, minmay_vboxes
D:5:      layout_basic, led_xom_imps, gammafunk_ghost_arena
D:6:      layout_basic, bloody_trog, ebering_ghost_sewer_d, serial_curves,
          eino_curves_02, eino_curves_02, eino_curves_01, uniq_duvessa
D:7:      layout_loops_ring, minmay_temple_entry_proselytizer
D:8:      corexii_shack_village, layout_loops_corners, slow_altar_2,
          chequers_garden, kennysheep_nondescript, uniq_pikel
D:9:      minmay_the_grid_4x2 [minmay_the_grid_minigrid_small,
          minmay_the_grid_outer_circle, minmay_the_grid_minigrid_small_alt,
          minmay_the_grid_armoury, minmay_the_grid_tri_star,
          minmay_the_grid_odd_star, minmay_the_grid_spin_star,
          minmay_the_grid_prize_inner_circle], layout_basic,
          nicolae_tso_swordbearing_angel, dpeg_lair_monsters,
          minmay_mirror_moons_of_madness

Skill      XL: |  1  2  3  4  5  6  7  8  9 10 |
---------------+-------------------------------+-----
Hexes          | 4 5 6 8 9 11 12 | 12.3
Stealth        | 5 6 8 9 10 11 | 11.7
Spellcasting   | 3 4 |  4.4
Dodging        | 4 5 6 7 9 10 | 10.4
Fighting       | 2 3 4 5 |  5.1
Short Blades   | 2 4 6 |  6.0

Action                   |  1- 3 |  4- 6 |  7- 9 | 10-12 || total
-------------------------+-------+-------+-------+-------++-------
Melee: Dagger            |   159 |   122 |   390 |   157 ||   828
 Cast: Corona            |     3 |       |       |       ||     3
       Ensorcelled Hiber |    29 |    23 |    33 |     8 ||    93
       Confusing Touch   |     1 |     2 |     9 |     8 ||    20
       Tukima's Dance    |       |     2 |    15 |     6 ||    23
       Dazzling Flash    |       |       |       |     2 ||     2
  Use: Scroll            |       |     5 |     9 |     7 ||    21
       Potion            |       |     1 |       |       ||     1
 Stab: Sleeping          |    23 |    32 |    40 |    16 ||   111
       Distracted        |     1 |     2 |     4 |     1 ||     8
       Confused          |       |       |     8 |     7 ||    15
       Invisible         |       |       |       |     1 ||     1
Armor: Robe              |    16 |     3 |    25 |     4 ||    48
Dodge: Dodged            |   158 |    91 |   265 |    95 ||   609
